 Dungeon Crawl Stone Soup version 0.29.0-4-gdea44cf6ec (webtiles) character file.

Game seed: 147426256633370488

31 qw the Ruffian (level 3, -10/28 HPs)
             Began as a Ghoul Fire Elementalist on Aug 29, 2022.
             Mangled by Sigmund
             ... wielding a +0 scythe
              (12 damage)
             ... on level 2 of the Dungeon.
             The game lasted 00:01:30 (1709 turns).

qw the Ruffian (Ghoul Fire Elementalist)            Turns: 1709, Time: 00:01:31

Health: -10/28     AC:  3    Str: 13    XL:     3   Next: 22%
Magic:  4/4        EV: 12    Int: 10    God:
Gold:   31         SH:  0    Dex:  9    Spells: 4/5 levels left

rFire   . . .      SeeInvis .     - Unarmed
rCold   + . .      Faith    .   (no shield)
rNeg    + + +      Spirit   .   a - +0 robe
rPois   inf        Reflect  .   (no helmet)
rElec   .          Harm     .   (no cloak)
rCorr   .          Rampage  .   (no gloves)
Will    .....                   d - +0 pair of boots
Stlth   ++........              (no amulet)
HPRegen 0.00/turn               (no ring)
MPRegen 0.09/turn               (no ring)

@: inhibited regen
A: claws 1, cold resistance 1, negative energy resistance 3, inhibited
regeneration, torment resistance 2, devour on kill
a: no special abilities


You were on level 2 of the Dungeon.
You visited 1 branch of the dungeon, and saw 2 of its levels.

You collected 31 gold pieces.


Innate Abilities, Weirdness & Mutations

You are immune to poison.
You have sharp fingernails.
Your flesh is cold resistant. (rC+)
You are immune to negative energy. (rN+++)
You do not regenerate when monsters are visible.
You are immune to unholy pain and torment.
You thrive by killing the living.


   Skills:
 - Level 1.2 Fighting
 - Level 1.7 Dodging
 - Level 2.1 Stealth
 + Level 2.6 Unarmed Combat
 - Level 1.7 Spellcasting
 - Level 0.7 Conjurations
 - Level 2.4 Fire Magic


You had 4 spell levels left.
You knew the following spells:

 Your Spells              Type           Power      Damage    Failure   Level
a - Foxfire               Conj/Fire      16%        2x1d4     17%         1

Your spell library contained the following spells:

 Spells                   Type           Power      Damage    Failure   Level
 Scorch                   Fire           10%        2d6       19%         2
 Conjure Flame            Conj/Fire      4%         6-21      45%         3
 Inner Flame              Hex/Fire       3%         N/A       52%         3
 Flame Wave               Conj/Fire      4%         2d5       86%         4

Inventory:

Armour
 a - a +0 robe (worn)
 d - a +0 pair of boots (worn)
Potions
 b - a potion of brilliance {unknown}
 j - a potion of heal wounds {unknown}
 l - a potion of flight {unknown}

Dungeon Overview and Level Annotations

Branches:
Dungeon (2/15)

Altars:

Annotations:
D:2 Sigmund


Message History

Sigmund points at you and mumbles some strange words.
The puff of flame hits you.
You see here a +0 leather armour.
You scratch Sigmund.
Sigmund is lightly wounded.
You closely miss Sigmund.
Sigmund is lightly wounded.
Sigmund barely misses you.
You closely miss Sigmund.
Sigmund is lightly wounded.
Sigmund hits you with a +0 scythe.
You scratch Sigmund.
Sigmund is lightly wounded.
You barely miss Sigmund.
Sigmund is lightly wounded.
Sigmund barely misses you.
You claw Sigmund!
Sigmund is heavily wounded.
Sigmund hits you with a +0 scythe!
You closely miss Sigmund.
Sigmund is heavily wounded.
You scratch Sigmund.
Sigmund is severely wounded.
Sigmund closely misses you.
You scratch Sigmund.
Sigmund is almost dead.
Sigmund barely misses you.
You scratch Sigmund but do no damage.
Sigmund is almost dead.
You scratch Sigmund but do no damage.
Sigmund is almost dead.
Sigmund mumbles some strange words.
Sigmund flickers and vanishes!
Deactivating autopickup; reactivate with Ctrl-A.
You barely miss something. Something hits you!
You miss something. You miss something. Something hits you!
You die...

....###.####.#######
.............#
###.###.###### # #.#
....###.###
#.........#
#.#####.#.#
###.#%##.#
#....@...#
[...#.#{##.#
####....# .. #.....#
... .>.....# ##
#####.### #. #.


There were no monsters in sight!

Vanquished Creatures
  5 endoplasms (D:1)
  A giant cockroach (D:1)
  A goblin (D:1)
  2 hobgoblins
  2 jackals (D:1)
  2 quokkas (D:1)
  4 ball pythons (D:1)
  4 bats (D:1)
  A frilled lizard (D:1)
  5 kobolds (D:1)
  3 rats (D:1)
30 creatures vanquished.

Vanquished Creatures (others)
  2 fungi (D:1)
  A plant (D:1)
3 creatures vanquished.

Grand Total: 33 creatures vanquished

Notes
Turn   | Place    | Note
-------+----------+-------------------------------------------
     0 | D:1      | qw the Ghoul Fire Elementalist began the quest for the Orb.
     0 | D:1      | Reached XP level 1. HP: 14/14 MP: 2/2
     0 | D:1      | 0 ||| qw: Version: 0.1-a-90-g952f4b7
     0 | D:1      | 0 ||| qw: Game counter: 4204
     0 | D:1      | 0 ||| qw: Always use a shield: true
     0 | D:1      | 0 ||| qw: God list: Okawaru
     0 | D:1      | 0 ||| qw: Allow faded altars: false
     0 | D:1      | 0 ||| qw: Do Orc after D:15 true
     0 | D:1      | 0 ||| qw: Do second Lair branch before Depths: true
     0 | D:1      | 0 ||| qw: Lair rune preference: random
     0 | D:1      | 0 ||| qw: Plans: Normal
     0 | D:1      | 0 ||| PLANNING D:1-11
    76 | D:1      | HP: 3/14 [kobold/+0 dagger (2)]
    82 | D:1      | Reached skill level 1 in Unarmed Combat
   474 | D:1      | 474 ||| Stepping ~*~*~tactically~*~*~ (stealth).
   553 | D:1      | Reached skill level 1 in Fighting
   553 | D:1      | Reached XP level 2. HP: 23/23 MP: 3/3
   568 | D:1      | Found a faded altar of an unknown god.
   628 | D:1      | 628 ||| Stepping ~*~*~tactically~*~*~ (outnumbered).
   709 | D:1      | 709 ||| Stepping ~*~*~tactically~*~*~ (stealth).
   717 | D:1      | 717 ||| Stepping ~*~*~tactically~*~*~ (stealth).
   735 | D:1      | 735 ||| Stepping ~*~*~tactically~*~*~ (outnumbered).
   736 | D:1      | 736 ||| Stepping ~*~*~tactically~*~*~ (outnumbered).
   836 | D:1      | 836 ||| Stepping ~*~*~tactically~*~*~ (stealth).
  1200 | D:1      | Reached XP level 3. HP: 28/28 MP: 4/4
  1203 | D:1      | 1203 ||| Stepping ~*~*~tactically~*~*~ (stealth).
  1544 | D:1      | 1544 ||| UPGRADING to +0 pair of boots.
  1549 | D:1      | 1549 ||| READING scroll labelled UNKI IJIEFATZ.
  1550 | D:1      | 1550 ||| READING scroll labelled WEPLADD VE ZONN.
  1551 | D:1      | 1551 ||| READING scroll labelled IHEPNO MUTUTA.
  1554 | D:1      | 1554 ||| READING scroll labelled GOUCIV OWKO.
  1555 | D:1      | 1555 ||| READING scroll labelled KIS SYRIDIKHE.
  1556 | D:1      | 1556 ||| READING scroll labelled VUESOTZAWN.
  1557 | D:1      | 1557 ||| DRINKING 2 grey potions.
  1558 | D:1      | 1558 ||| DROPPING potion of magic.
  1559 | D:1      | 1559 ||| DROPPING potion of lignification.
  1573 | D:1      | 1573 ||| Stepping ~*~*~tactically~*~*~ (stealth).
  1689 | D:2      | Noticed Sigmund
  1690 | D:2      | 1690 ||| Stepping ~*~*~tactically~*~*~ (stealth).
  1707 | D:2      | HP: 2/28 [something (11)]
  1709 | D:2      | Mangled by Sigmund

Levels and vault maps discovered:
D:1:      lemuel_arrival_tunnels, layout_loops_ring,
          shapermc_ecumenical_altar_gd
D:2:      layout_loops_corners, uniq_jessica, uniq_sigmund, uniq_robin

Skill      XL: |  1  2 |
---------------+-------+-----
Unarmed Combat | 1 2 |  2.6
Fighting       | 1 |  1.2
Dodging        | |  1.7
Stealth        | |  2.1
Spellcasting   | |  1.7
Conjurations   | |  0.7
Fire Magic     | |  2.4

Action                   || total
-------------------------++-------
Melee: Unarmed           ||   130
       Punch             ||     1
  Use: Scroll            ||     6
       Potion            ||     1
 Stab: Distracted        ||     1
Armor: Robe              ||    25
Dodge: Dodged            ||    80

Table legend:
 A = Non-vault XP
 B = Vault XP
 C = Vault XP percentage of total XP
 D = Non-vault monster count
 E = Vault monster count
 F = Vault count percentage of total count
                 A         B        C        D         E       F
            +---------+---------+-------+---------+---------+-------
      Total |      45 |       0 |   0.0 |      30 |       0 |   0.0
            +---------+---------+-------+---------+---------+-------
        D:1 |      43 |       0 |   0.0 |      29 |       0 |   0.0
        D:2 |       2 |       0 |   0.0 |       1 |       0 |   0.0
            +---------+---------+-------+---------+---------+-------
